sdfjksd, neutral female scurrid Archeologist --------------- |.............| # |.............| # # |.............| # # |.............| # # - -----.--..--- ##### ##### ##### # # .---.- ### # #.>...| # # # # |$...| # # |....+ -.-.------ # ----.- -.-|---- ---........-.- # |<}.;}}| |............| # |}};.;.| |............+ # |.}}...| |............| ###### .;.}...| ---........--- # # |;.{..` -.---.---- #######################..@.- # sdfjksd the Digger Experience level: 1 Strength: 13 Dexterity: 8 Constitution: 15 Intelligence: 14 Wisdom: 15 Charisma: 10 Health: 0(12) Energy: 2(2) Def: 2 Gold: 127 Moves: 110 Dungeon seed: REoww8EZ7rKLDxdq Game ID: sdfjksd_1498725455 Your Inventory: Coins $ - 127 gold pieces Weapons a - an uncursed +2 bullwhip h - an uncursed +0 boomerang (in quiver) Armor e - an uncursed +0 leather jacket (being worn) n - an uncursed +0 pair of leather gloves (being worn) Comestibles b - 3 uncursed chestnuts Scrolls i - a cursed scroll of light Potions j - an uncursed potion of gain ability Wands d - an uncursed wand of light (0:11) Tools c - an uncursed pair of lenses f - an uncursed sack g - an uncursed tin opener (alternate weapon; not wielded) Gems q - an uncursed touchstone Spells and supernatural/magical abilities: Name Level Category Fail Memory W - pray for help -- divine ? -- Your skills at the end: Miscellaneous Skills wands [Basic] Weapon Skills boomerang [Basic] whip [Basic] Spellcasting Skills Final Attributes: You were devoutly aligned. You had infravision. You were very stealthy. You were fast. You are dead. Vanquished creatures: a grid bug Voluntary challenges: You went without food. You did not adorn yourself with jewelry or accessories. You did not cause conflict. You were not invisible. You did not have reflection. You were not displaced. You were an atheist. You never hit with a wielded weapon. You were a pacifist. You did not use tools. You did not use plumbed fixtures. You did not drink any magical draughts. You were illiterate. You never genocided any monsters. You never polymorphed an object. You never changed form. You used no wishes. You never split a pudding. You never wrote Elbereth's name. You never violated your personal moral code. Dungeon overview: The Dungeons of Doom: levels 1 to 12 Level 1 a long staircase Level 2 Level 3 Level 4 a fountain Level 5 Level 6 Level 7 Level 8 Level 9 Level 10 Level 11 Level 12 <- You were here a fountain History has recorded: On T:1 you entered the Dungeons of Doom to retrieve the Amulet of Yendor! On T:10 you reached level 2 of The Dungeons of Doom. On T:12 you reached level 3 of The Dungeons of Doom. On T:13 you reached level 4 of The Dungeons of Doom. On T:15 you reached level 5 of The Dungeons of Doom. On T:17 you reached level 6 of The Dungeons of Doom. On T:19 you reached level 7 of The Dungeons of Doom. On T:21 you reached level 8 of The Dungeons of Doom. On T:23 you reached level 9 of The Dungeons of Doom. On T:25 you reached level 10 of The Dungeons of Doom. On T:27 you reached level 11 of The Dungeons of Doom. On T:29 you reached level 12 of The Dungeons of Doom. Score breakdown: Gold: 127 ( 12 points) Experience: 1 level ( 0 points) Exploration: 12 levels ( 330 points) Discoveries: 2 items ( 100 points) Variety of kills: 1 monster ( 50 points) Major goal: (nothing yet) ( 0 points) Survival: died (score multiplied by 3) Total score: 1476 Latest messages: You start chewing a hole in the rock. You continue digging. You succeed in cutting away some rock. You start chewing a hole in the rock. You continue digging. You make an opening in the wall. You start chewing a hole in the rock. You continue digging. You make an opening in the wall. You start chewing a hole in the rock. You continue digging. You make an opening in the wall. You start chewing a hole in the rock. You continue digging. You make an opening in the wall. You start chewing a hole in the rock. You continue digging. You succeed in cutting away some rock. The piranha bites! (2x) You die... The sack is empty. The sack is empty. Final status: Goodbye sdfjksd the Archeologist, killed by a piranha... You died in The Dungeons of Doom on dungeon level 12 with 1476 points, and 127 pieces of gold, after 110 moves. You were level 1 with a maximum of 12 hit points when you died.